[Event "Titled Tuesday Blitz February 15 Early 2022"]
[White "Jobava, Baadur"]
[Black "Fedoseev, Vladimir"]
[WhiteFideId "13601520"]
[BlackFideId "24130737"]
[WhiteElo "2617"]
[BlackElo "2726"]
[Result "1-0"]
[Round "10"]
[TimeControl "180+1"]
[Date "2022.02.15"]
[WhiteClock "0:00:09"]
[BlackClock "0:00:01"]

1. b3 e5 2. Bb2 Nc6 3. Nf3 e4 4. Nd4 Nxd4 5. Bxd4 Ne7 6. Bb2 d5 7. e3 Nf5 8. d3 Bb4+ 9. Nc3 d4 10. exd4 Qxd4 11. Qd2 e3 12. fxe3 Nxe3 13. a3 Ba5 14. b4 Bb6 15. Na4 Qh4+ 16. g3 Qe7 17. Nxb6 axb6 18. Kf2 Ng4+ 19. Kg1 O-O 20. Re1 Qd6 21. Qf4 Qxf4 22. gxf4 Nh6 23. Kf2 Nf5 24. Rg1 f6 25. Bh3 Kf7 26. Bg4 Bd7 27. Bh5+ g6 28. Bf3 Bc6 29. Bg4 Ng7 30. Re3 Rfe8 31. Rh3 h5 32. Bd1 Nf5 33. c4 Ba4 34. Bf3 Bc6 35. Bd1 Ba4 36. Be2 Rad8 37. Bc3 b5 38. Bf3 bxc4 39. dxc4 c6 40. b5 Re3 41. Bb4 Rdd3 42. Re1 Rxe1 43. Kxe1 Rd4 44. Be2 Rxf4 45. Rd3 cxb5 46. Rd7+ Ke6 47. Rxb7 bxc4 48. Rb6+ Ke5 49. Bc3+ Nd4 50. Bxc4 Ke4 51. Rb8 Nc2+ 52. Ke2 Nxa3 53. Bd3+ Kd5 54. Ra8 1-0


[Site "https://www.chess.com"]

[Event "Titled Tuesday Blitz February 15 Early 2022"]
[White "Jumabayev, Rinat"]
[Black "Hansen, Eric"]
[WhiteFideId "13702661"]
[BlackFideId "2606771"]
[WhiteElo "2561"]
[BlackElo "2568"]
[Result "1-0"]
[Round "10"]
[TimeControl "180+1"]
[Date "2022.02.15"]
[WhiteClock "0:00:08"]
[BlackClock "0:00:02"]

1. e4 e5 2. Nf3 Nc6 3. Bc4 Bc5 4. c3 Nf6 5. d3 a6 6. a4 Ba7 7. O-O h6 8. b4 d6 9. Re1 O-O 10. Nbd2 Kh8 11. Nf1 Ng4 12. Ra2 f5 13. h3 fxe4 14. dxe4 Nf6 15. a5 Qe8 16. Ng3 Nh5 17. Be3 Nf4 18. Bxa7 Nxa7 19. Kh2 Nb5 20. Re3 Be6 21. Qb3 Bd7 22. Rd2 Qg6 23. Qd1 Qf6 24. Bf1 Ne6 25. Nf5 Nf4 26. c4 Na7 27. c5 Bxf5 28. exf5 Rad8 29. cxd6 cxd6 30. g3 Nh5 31. Nxe5 dxe5 32. Rxd8 Rxd8 33. Qxh5 Nc6 34. Qg6 Nxb4 35. Rb3 Nc6 36. Rxb7 Nxa5 37. Rb6 Qxg6 38. fxg6 Ra8 39. Bxa6 e4 40. Kg2 Kg8 41. h4 Kf8 42. g4 Ke7 43. h5 Kd7 44. Bb5+ Kc7 45. Re6 Rb8 46. Be2 Rb2 47. Rxe4 Nc6 48. Kg3 Kd6 49. f3 Rb3 50. Bc4 Rc3 51. Bf7 Ne5 52. Rf4 Rc1 53. Rf5 Rg1+ 54. Kf2 Rc1 55. Kg2 Rc2+ 56. Kg3 Rc1 57. Bg8 Rg1+ 58. Kf2 Rc1 59. Kg2 Rc2+ 60. Kg3 Rc1 61. Rf4 Rg1+ 62. Kh2 Rd1 63. Kg2 Rd2+ 64. Kg3 Rd1 65. Re4 Rg1+ 66. Kf2 Rc1 67. Re3 Rc2+ 68. Kg3 Rc1 69. Bf7 Rd1 70. Bb3 Rg1+ 71. Kf2 Rb1 72. Kg2 Rb2+ 73. Kg3 Rd2 74. f4 Nc6 75. Bc4 Rc2 76. Bf1 Rc1 77. Bg2 Nd4 78. f5 Rc2 79. Be4 Rb2 80. f6 gxf6 81. g7 Rb8 82. Bh7 f5 83. g8=Q Rxg8 84. Bxg8 1-0


[Site "https://www.chess.com"]

[Event "Titled Tuesday Blitz February 15 Early 2022"]
[White "Kalajzic, Ivan"]
[Black "Arngrimsson, Dagur"]
[WhiteFideId "14506378"]
[BlackFideId "2301288"]
[WhiteElo "2163"]
[BlackElo "2286"]
[Result "0-1"]
[Round "10"]
[TimeControl "180+1"]
[Date "2022.02.15"]
[WhiteClock "0:00:27"]
[BlackClock "0:00:21"]

1. b3 Nf6 2. Bb2 g6 3. Bxf6 exf6 4. c4 Bg7 5. Nc3 O-O 6. g3 b6 7. Bg2 Nc6 8. e3 Bb7 9. Nge2 Qc8 10. O-O Ne5 11. d4 Bxg2 12. Kxg2 Qb7+ 13. f3 Ng4 14. Qd3 Rfe8 15. e4 Nh6 16. Rad1 f5 17. e5 d6 18. exd6 cxd6 19. Nd5 Kh8 20. Nef4 Ng8 21. Rfe1 Nf6 22. Nxf6 Bxf6 23. Nd5 Kg7 24. Nxf6 Kxf6 25. d5 Kg7 26. Qd4+ f6 27. h4 Re7 28. h5 Rae8 29. h6+ Kxh6 30. Rh1+ Kg7 31. Rdf1 Re2+ 32. Rf2 Qe7 33. Rf1 Qe5 34. Qh4 Qb2 35. g4 fxg4 36. Qxg4 R8e7 37. f4 Qxa2 38. f5 Rxf2+ 39. Rxf2 Qxb3 40. fxg6 hxg6 41. Qf4 Rf7 42. Qxd6 Qxc4 43. Qe6 Qc7 44. d6 Qd7 45. Qd5 Qg4+ 46. Kf1 Qh3+ 47. Ke2 Rd7 48. Rf3 Qh2+ 49. Kf1 Qxd6 50. Qa8 Qd5 0-1


[Site "https://www.chess.com"]

[Event "Titled Tuesday Blitz February 15 Early 2022"]
[White "Khoroshev, Nikita"]
[Black "Aaditya Dhingra"]
[WhiteFideId "14200287"]
[BlackFideId "25678191"]
[WhiteElo "2354"]
[BlackElo "1789"]
[Result "0-1"]
[Round "10"]
[TimeControl "180+1"]
[Date "2022.02.15"]
[WhiteClock "0:01:42"]
[BlackClock "0:00:50"]

1. d4 Nf6 2. Nf3 g6 3. Bg5 Ne4 4. h4 Bg7 5. Nbd2 d5 6. e3 Bf5 7. c4 c6 8. Qb3 Qd7 9. Bf4 O-O 10. h5 Nxd2 11. Nxd2 Na6 12. h6 Bh8 13. cxd5 cxd5 14. Bb5 Qd8 15. O-O-O Rc8+ 16. Nc4 dxc4 17. Qa3 Nc7 18. Ba4 c3 19. bxc3 Nd5 20. Kd2 Rxc3 21. Qb2 Qa5 22. Ke2 Qxa4 23. Rd2 Qc4+ 0-1


[Site "https://www.chess.com"]

[Event "Titled Tuesday Blitz February 15 Early 2022"]
[White "Khripachenko, Alexander"]
[Black "Goltsev, Dmitry"]
[WhiteFideId "54184975"]
[BlackFideId "24176710"]
[WhiteElo "2177"]
[BlackElo "2273"]
[Result "1-0"]
[Round "10"]
[TimeControl "180+1"]
[Date "2022.02.15"]
[WhiteClock "0:00:15"]
[BlackClock "0:00:08"]

1. e4 e6 2. d4 d5 3. Nd2 c5 4. exd5 exd5 5. Bb5+ Nc6 6. Ngf3 Nf6 7. O-O Be7 8. dxc5 Bxc5 9. Nb3 Bb6 10. Nbd4 Bd7 11. Re1+ Ne4 12. Bg5 f6 13. Be3 O-O 14. Be2 Ne5 15. c3 Rc8 16. Qb3 Bc6 17. Ne6 Qd7 18. Nxf8 Rxf8 19. Bxb6 axb6 20. Nd4 f5 21. f3 Nc5 22. Qc2 f4 23. Rad1 Qf7 24. Qd2 Qh5 25. b4 Na4 26. Ne6 Rf6 27. Nxf4 Qh4 28. Nxd5 Rg6 29. Qf4 Qxf4 30. Nxf4 Rg5 31. Ne6 Rg6 32. Nd4 Nxc3 33. Nxc6 bxc6 34. Rd8+ Kf7 35. Kf2 Nd5 36. b5 Nf4 37. Bf1 Rg5 38. h4 Rf5 39. g4 Nxg4+ 40. fxg4 Nd3+ 41. Kg3 Nxe1 42. gxf5 c5 43. Bc4+ Kf6 44. Rd1 Nc2 45. Rd6+ Ke5 46. Rd5+ Ke4 47. Rd6 Ne3 48. Bd3+ Ke5 49. Rxb6 c4 50. Re6+ Kd4 51. Rxe3 c3 52. Rf3 h5 53. b6 g5 54. hxg5 c2 55. Bxc2 Kc5 56. b7 h4+ 57. Kf4 Kd6 58. b8=Q+ Ke7 59. Re3+ Kf7 60. Bb3+ Kg7 61. f6+ Kh7 62. Qc7+ Kg6 63. Bc2+ Kh5 64. Bd1+ Kg6 65. Qc2+ Kf7 66. Qh7+ Kf8 67. Qh6+ Kf7 68. Qh5+ Kf8 69. Re8# 1-0


[Site "https://www.chess.com"]

[Event "Titled Tuesday Blitz February 15 Early 2022"]
[White "Komissarov, Alexey"]
[Black "Namitbir Singh Walia"]
[WhiteFideId "4176545"]
[BlackFideId "35071068"]
[WhiteElo "2216"]
[BlackElo "1479"]
[Result "1-0"]
[Round "10"]
[TimeControl "180+1"]
[Date "2022.02.15"]
[WhiteClock "0:00:08"]
[BlackClock "0:00:09"]

1. e4 c5 2. d4 cxd4 3. c3 Nf6 4. e5 Nd5 5. Nf3 e6 6. cxd4 d6 7. Bd3 Nc6 8. O-O dxe5 9. dxe5 Ndb4 10. Be4 Qxd1 11. Rxd1 Bd7 12. a3 Na6 13. Nc3 Nc7 14. Be3 g6 15. Rd2 Bg7 16. Rad1 O-O-O 17. Bg5 Nxe5 18. Bxd8 Rxd8 19. Nxe5 Bxe5 20. Bxb7+ Kxb7 21. Rxd7 Rf8 22. Nb5 Kc6 23. Nxc7 Bxc7 24. R7d3 Kb5 25. g3 g5 26. Rd7 Kc6 27. Re7 Bb6 28. Rdd7 f5 29. Rxh7 g4 30. Rhf7 Rxf7 31. Rxf7 a5 32. Re7 Kd6 33. Rb7 Kc6 34. Rh7 a4 35. Rh6 Kd6 36. Rh8 Kc6 37. Ra8 Kb5 38. Rb8 Ka5 39. Kg2 Ka6 40. f3 Ka7 41. Re8 gxf3+ 42. Kxf3 Bd4 43. Rxe6 Bxb2 44. Rf6 Bxa3 45. Rxf5 Kb6 46. Rf4 Kb5 47. Ke2 Bd6 48. Kd3 Bxf4 49. gxf4 Kb4 50. Kc2 Kc5 51. h4 Kd5 52. h5 Ke6 53. h6 Kf6 54. f5 1-0


[Site "https://www.chess.com"]

[Event "Titled Tuesday Blitz February 15 Early 2022"]
[White "Korchmar, Vasiliy"]
[Black "Vovk, Orest"]
[WhiteFideId "24131750"]
[BlackFideId "14113490"]
[WhiteElo "2370"]
[BlackElo "2203"]
[Result "0-1"]
[Round "10"]
[TimeControl "180+1"]
[Date "2022.02.15"]
[WhiteClock "0:00:03"]
[BlackClock "0:00:03"]

1. d4 e5 2. dxe5 Nc6 3. Nf3 Qe7 4. Bg5 Qb4+ 5. Nc3 Qxb2 6. Bd2 Bb4 7. Rb1 Qa3 8. Nd5 Bxd2+ 9. Qxd2 Qxa2 10. Rd1 Kd8 11. e4 Qa5 12. c3 Nge7 13. Bc4 Qc5 14. Ba2 h6 15. O-O Ng6 16. Kh1 Ncxe5 17. Nxe5 Nxe5 18. f4 Nc6 19. e5 d6 20. Nb4 Be6 21. exd6 cxd6 22. Nd3 Qf5 23. Ne5 Nxe5 24. fxe5 Qxe5 25. Rfe1 Qc5 26. Bxe6 fxe6 27. Rxe6 Kc7 28. Rxd6 Rae8 29. Qf4 Qe5 30. Rd7+ Kc8 31. Qf2 Kb8 32. h3 Rhf8 33. Qb2 Qe4 34. Rxg7 Re7 35. c4 h5 36. c5 Rxg7 37. Qxg7 Re8 38. Qd7 Qe7 39. Qd5 Qc7 40. Qxh5 Rc8 41. Rc1 a6 42. Qd5 Ka7 43. Qb3 Qc6 44. Qe3 Re8 45. Qd4 Re4 46. Qf2 Re5 47. Rc2 Rd5 48. Rc1 Rd3 49. Qg1 Rxh3+ 0-1


[Site "https://www.chess.com"]

[Event "Titled Tuesday Blitz February 15 Early 2022"]
[White "Korkmaz, Necmettin"]
[Black "Tanenbaum, Zachary"]
[WhiteFideId "6303285"]
[BlackFideId "2060850"]
[WhiteElo "2094"]
[BlackElo "2168"]
[Result "0-1"]
[Round "10"]
[TimeControl "180+1"]
[Date "2022.02.15"]
[WhiteClock "0:01:08"]
[BlackClock "0:00:37"]

1. e4 e5 2. Nf3 Nc6 3. Bc4 Nf6 4. d4 exd4 5. O-O Nxe4 6. Re1 d5 7. Bxd5 Qxd5 8. Nc3 Qh5 9. Nxe4 Be6 10. Bg5 h6 11. Bf6 Qg6 12. Nh4 Qh7 13. Qd3 a6 14. Rad1 Be7 15. Bxe7 Nxe7 16. Qxd4 O-O 17. Qb4 Nd5 18. Qxb7 Rab8 19. Qc6 Rxb2 20. c4 Nf4 21. Qxc7 Ne2+ 22. Kh1 Qxe4 23. c5 Qxh4 24. c6 Qxf2 25. Qd6 Nf4 26. Rg1 Nh3 27. gxh3 Qf3+ 0-1


[Site "https://www.chess.com"]

[Event "Titled Tuesday Blitz February 15 Early 2022"]
[White "Kostiukov, Alexandr"]
[Black "Rakhimgaliyev, Yerlan"]
[WhiteFideId "14108100"]
[BlackFideId "13705148"]
[WhiteElo "2202"]
[BlackElo "2261"]
[Result "1-0"]
[Round "10"]
[TimeControl "180+1"]
[Date "2022.02.15"]
[WhiteClock "0:01:16"]
[BlackClock "0:00:19"]

1. g3 Nf6 2. Bg2 g6 3. c4 Bg7 4. Nf3 O-O 5. O-O d6 6. d4 Nc6 7. Nc3 a6 8. h3 Rb8 9. Bf4 Nh5 10. Bg5 h6 11. Be3 e5 12. dxe5 dxe5 13. Qc1 Kh7 14. Rd1 Bd7 15. Nd5 Qc8 16. g4 Nf6 17. Nxf6+ Bxf6 18. Bxh6 Re8 19. Be3 b5 20. c5 e4 21. Ng5+ Bxg5 22. Bxg5 f5 23. Qf4 Ne5 24. gxf5 Bxf5 25. Qh4+ Kg8 26. Bf6 Nf7 27. Rd4 Qe6 28. Rad1 e3 29. Bd5 exf2+ 30. Kh2 f1=Q 31. Rxf1 Qxe2+ 32. Rf2 Qh5 33. Qxh5 gxh5 34. Rxf5 Re2+ 35. Kg3 Rbe8 36. Bg5 1-0


[Site "https://www.chess.com"]

[Event "Titled Tuesday Blitz February 15 Early 2022"]
[White "Krasilnikov, Evgeni"]
[Black "Kett, Tim"]
[WhiteFideId "4139739"]
[BlackFideId "1801210"]
[WhiteElo "2295"]
[BlackElo "2098"]
[Result "1-0"]
[Round "10"]
[TimeControl "180+1"]
[Date "2022.02.15"]
[WhiteClock "0:01:21"]
[BlackClock "0:00:43"]

1. e4 e5 2. Nc3 Nf6 3. g3 Bc5 4. Bg2 h5 5. h3 d6 6. d3 Nc6 7. Na4 Be6 8. Nxc5 dxc5 9. Be3 b6 10. Ne2 Qd7 11. f4 g6 12. Qd2 O-O-O 13. Nc3 Nd4 14. O-O-O exf4 15. Bxf4 Kb8 16. Be5 Qe7 17. Qg5 Nd5 18. Qxe7 Nxe7 19. Bxh8 Rxh8 20. Rhf1 h4 21. g4 Nec6 22. a3 Ne5 23. Rf2 Rd8 24. Nd5 c6 25. Nf4 b5 26. c3 Nb3+ 27. Kc2 b4 28. Nxe6 fxe6 29. Kxb3 Nxd3 30. Rfd2 c4+ 31. Kxc4 Nxb2+ 32. Kxb4 1-0


[Site "https://www.chess.com"]

[Event "Titled Tuesday Blitz February 15 Early 2022"]
[White "Kraus, Tomas"]
[Black "Ardila, Oscar Humberto"]
[WhiteFideId "331708"]
[BlackFideId "4404742"]
[WhiteElo "2389"]
[BlackElo "1898"]
[Result "1-0"]
[Round "10"]
[TimeControl "180+1"]
[Date "2022.02.15"]
[WhiteClock "0:01:19"]
[BlackClock "0:00:02"]

1. e4 e5 2. Nf3 Nc6 3. Nc3 Nf6 4. d4 exd4 5. Nxd4 Bb4 6. Nxc6 bxc6 7. Bd3 d5 8. exd5 cxd5 9. O-O O-O 10. Bg5 c6 11. Qf3 Bd6 12. Rae1 h6 13. Bxf6 Qxf6 14. Qxf6 gxf6 15. Ne2 Rb8 16. b3 Bb4 17. Rd1 Bg4 18. f3 Bc5+ 19. Kh1 Bd7 20. Ng3 Rfe8 21. Rfe1 Re5 22. f4 Ree8 23. Nf5 Bxf5 24. Bxf5 Bd6 25. g3 Bb4 26. Rxe8+ Rxe8 27. Bd3 Kf8 28. Kg2 Ke7 29. Kf3 Kd6 30. Kg4 Bc3 31. Kh5 Rh8 32. Rf1 Kc5 33. Rf2 Kd6 34. Re2 a5 35. a4 c5 36. Bb5 Rc8 37. Kxh6 Rh8+ 38. Kg7 f5+ 39. Kxf7 d4 40. Re6+ Kc7 41. Rc6+ Kb7 42. Rxc5 Rxh2 43. Bd3 Rh3 44. Rxf5 Rxg3 45. Rb5+ Kc6 46. f5 Kd6 47. Rb6+ Ke5 48. Re6+ Kf4 49. Rg6 Re3 50. f6 Bb4 51. Rg2 Re1 52. Kg6 1-0


[Site "https://www.chess.com"]

[Event "Titled Tuesday Blitz February 15 Early 2022"]
[White "Krstulovic, Alex"]
[Black "Sahil, Tickoo"]
[WhiteFideId "760056"]
[BlackFideId "5019710"]
[WhiteElo "2193"]
[BlackElo "2099"]
[Result "1-0"]
[Round "10"]
[TimeControl "180+1"]
[Date "2022.02.15"]
[WhiteClock "0:00:29"]
[BlackClock "0:00:10"]

1. e4 c5 2. Nf3 d6 3. d4 cxd4 4. Nxd4 Nf6 5. Nc3 a6 6. Be3 e5 7. Nb3 Be7 8. f3 Be6 9. Qd2 O-O 10. O-O-O a5 11. a4 Na6 12. g4 Nb4 13. g5 Nd7 14. Nd5 Nxd5 15. exd5 Bf5 16. h4 Nb6 17. Bb5 Qc7 18. c3 Nc4 19. Qe2 Nxe3 20. Qxe3 Rfc8 21. h5 Bd7 22. g6 Bxb5 23. gxf7+ Kf8 24. axb5 a4 25. Nd2 a3 26. c4 axb2+ 27. Kxb2 Bf6 28. Qe4 Qa5 29. Kc2 Qb4 30. Kd3 Ra3+ 31. Ke2 Ra2 32. Qxh7 Qxc4+ 33. Kf2 Qd4+ 34. Kg3 Qf4+ 35. Kh3 Ke7 36. Qe4 Qg5 37. Qg4 Qe3 38. Qe6+ Kd8 39. f8=Q+ Kc7 40. Qfxd6# 1-0


[Site "https://www.chess.com"]

[Event "Titled Tuesday Blitz February 15 Early 2022"]
[White "Krysa, Leandro"]
[Black "Martin Carmona, Gaston Manuel"]
[WhiteFideId "116807"]
[BlackFideId "22284567"]
[WhiteElo "2490"]
[BlackElo "2161"]
[Result "0-1"]
[Round "10"]
[TimeControl "180+1"]
[Date "2022.02.15"]
[WhiteClock "0:00:03"]
[BlackClock "0:00:13"]

1. e4 c5 2. Nf3 d6 3. d4 Nf6 4. dxc5 Nxe4 5. cxd6 Nc6 6. Be3 Nxd6 7. c4 Bf5 8. Nc3 e6 9. Rc1 Be7 10. Be2 O-O 11. O-O Ne4 12. Nxe4 Bxe4 13. Qb3 Qc7 14. Rfd1 Rfd8 15. Qb5 Bf6 16. b3 Bb2 17. Rxd8+ Rxd8 18. Rd1 Rxd1+ 19. Bxd1 Qd7 20. Be2 Bd3 21. Bxd3 Qxd3 22. h3 Qd1+ 23. Kh2 Qd7 24. g3 f6 25. h4 Qd1 26. Kg2 Qd7 27. Bxa7 g6 28. Be3 Kf7 29. a4 Bc3 30. h5 g5 31. h6 Kg6 32. Nxg5 fxg5 33. Qxg5+ Kf7 34. Qf4+ Bf6 35. Qe4 Kg8 36. g4 Ne5 37. g5 Bh8 38. Bd4 Nf7 39. Bxh8 Kxh8 40. f4 Kg8 41. Qe3 Qc6+ 42. Qf3 Qb6 43. Kh3 Nd6 44. Qd3 Qc7 45. Qd4 Nf5 46. Qe5 Qc6 47. Kh2 Kf7 48. Qf6+ Kg8 49. Qd8+ Kf7 50. Qh8 Kg6 51. Qg8+ Kh5 52. Qxh7 Kg4 53. Qf7 Qf3 54. Qxe6 Qf2+ 55. Kh1 Kg3 0-1


[Site "https://www.chess.com"]

[Event "Titled Tuesday Blitz February 15 Early 2022"]
[White "Lakshmi C"]
[Black "Eynullayev, Atilla"]
[WhiteFideId "25035347"]
[BlackFideId "13413570"]
[WhiteElo "1775"]
[BlackElo "1979"]
[Result "1-0"]
[Round "10"]
[TimeControl "180+1"]
[Date "2022.02.15"]
[WhiteClock "0:00:05"]
[BlackClock "0:00:10"]

1. d4 Nf6 2. c4 e6 3. Nc3 Bb4 4. a3 Bxc3+ 5. bxc3 c5 6. Qc2 Nc6 7. Nf3 b6 8. e4 O-O 9. Bd3 Ne8 10. O-O Ba6 11. e5 f5 12. d5 Na5 13. Bg5 Qc8 14. Qe2 h6 15. Bd2 Nb3 16. Rab1 Nxd2 17. Nxd2 g5 18. f4 g4 19. h3 h5 20. Qf2 Qd8 21. Be2 Rf7 22. d6 Bb7 23. h4 Rg7 24. g3 Qc8 25. Qh2 Qc6 26. Rfe1 Qa4 27. Rb3 Nxd6 28. exd6 e5 29. fxe5 f4 30. Bd1 Qc6 31. Ne4 Rf8 32. gxf4 g3 33. Qe2 Rxf4 34. Qxh5 Rxe4 35. Qe8+ Kh7 36. Bc2 Rg4 37. Qh5+ Kg7 38. Rxe4 Rxe4 39. Qg5+ Kh7 40. Qf5+ Kh6 41. Qxe4 Qxe4 42. Bxe4 Bxe4 43. Rb2 Kg6 44. Re2 Bc6 45. Re3 Kf5 46. Rxg3 Kxe5 47. Rg6 Be4 48. Rh6 Kf5 49. Kf2 Kg4 50. Ke3 Bc6 51. Rh7 a6 52. Rh8 b5 53. cxb5 axb5 54. Kd3 Bd5 55. h5 Kg5 56. h6 Kg6 57. Ke3 Bc6 58. Kf4 Bd5 59. Ke5 Be6 60. Re8 Bc4 61. Re7 Kxh6 62. Rxd7 b4 63. axb4 Bb5 64. Rb7 cxb4 65. cxb4 Bc4 66. Rb8 Bf7 67. d7 Kg5 68. d8=Q+ Kg4 69. Qe7 Bg6 70. Qf6 Bd3 71. Rg8+ Kh5 72. Qf3+ Kh4 73. Qg4# 1-0


[Site "https://www.chess.com"]

[Event "Titled Tuesday Blitz February 15 Early 2022"]
[White "Lazavik, Denis"]
[Black "Maltsevskaya, Aleksandra"]
[WhiteFideId "13515110"]
[BlackFideId "24174041"]
[WhiteElo "2436"]
[BlackElo "2283"]
[Result "1-0"]
[Round "10"]
[TimeControl "180+1"]
[Date "2022.02.15"]
[WhiteClock "0:02:20"]
[BlackClock "0:01:04"]

1. d4 Nf6 2. c4 g6 3. g3 Bg7 4. Bg2 O-O 5. Nc3 d6 6. Nf3 Nbd7 7. O-O e5 8. e4 exd4 9. Nxd4 Nc5 10. h3 Re8 11. Re1 Bd7 12. Rb1 a5 13. b3 Qc8 14. Kh2 h5 15. Bg5 Nh7 16. Be3 Nf6 17. Qc2 Ne6 18. Rbd1 a4 19. b4 Nxd4 20. Bxd4 c5 21. Bxf6 Bxf6 22. Nd5 Bd8 23. b5 Be6 24. f4 Bxd5 25. Rxd5 a3 26. Rxd6 h4 27. e5 hxg3+ 28. Kxg3 Be7 29. Rxg6+ fxg6 30. Qxg6+ Kf8 31. Qh6+ 1-0


[Site "https://www.chess.com"]

[Event "Titled Tuesday Blitz February 15 Early 2022"]
[White "Le, Tuan Minh"]
[Black "Kamsky, Gata"]
[WhiteFideId "12401153"]
[BlackFideId "2000024"]
[WhiteElo "2450"]
[BlackElo "2645"]
[Result "1/2-1/2"]
[Round "10"]
[TimeControl "180+1"]
[Date "2022.02.15"]
[WhiteClock "0:00:05"]
[BlackClock "0:00:06"]

1. d4 Nf6 2. Nf3 g6 3. Bg5 Bg7 4. Nbd2 d5 5. c3 O-O 6. e3 c6 7. Bd3 Bg4 8. Qb3 Qb6 9. c4 Bxf3 10. gxf3 e6 11. O-O Nbd7 12. f4 a5 13. Rac1 a4 14. Qc2 Qa5 15. Nf3 dxc4 16. Qxc4 Nb6 17. Qc5 Nfd7 18. Qxa5 Rxa5 19. a3 Re8 20. Rfd1 f6 21. Bh4 Nd5 22. Bg3 f5 23. Nd2 Raa8 24. Nc4 Bf8 25. Kf1 N5b6 26. Nd2 Nd5 27. Ke2 Be7 28. Nf3 Rec8 29. Bh4 Bf8 30. Rc2 Bd6 31. Rdc1 Re8 32. Bg3 Bf8 33. Nd2 N7b6 34. f3 Bd6 35. Be1 Bxf4 36. Nf1 Bd6 37. f4 Be7 38. Nd2 Red8 39. Nf3 Nd7 40. Bd2 N7f6 41. Rg1 Bd6 42. h3 Kf7 43. Be1 Kg7 44. Bh4 Re8 45. Bc4 Ne4 46. Be1 Ndf6 47. Ne5 Nd5 48. Bd3 Nef6 49. Kf3 Red8 50. Rcg2 Rf8 51. Bh4 Rae8 52. Bc2 Bxe5 53. fxe5 Nd7 54. Bxa4 f4 55. e4 Ne3 56. Rd2 b5 57. Bb3 c5 58. Bf6+ Nxf6 59. exf6+ Kxf6 60. dxc5 g5 61. h4 h6 62. c6 Re7 63. hxg5+ hxg5 64. Rh2 Rg8 65. Rh6+ Ke5 66. Rh5 Kf6 67. c7 Rxc7 68. Rh6+ Rg6 69. Rxg6+ Kxg6 70. Bxe6 Kf6 71. Bb3 Re7 72. Rh1 Ke5 73. Rh5 Rg7 74. Ba2 Kd4 75. Bb3 g4+ 76. Kxf4 g3 77. Rh1 g2 78. Rg1 Rh7 79. Kf3 Rh1 80. Kf2 Rh4 81. Ke2 Rxe4 82. Kf3 Re5 83. Ba2 Rf5+ 84. Kg3 Rf1 85. Kh2 Ke4 86. Bb1+ Kf3 87. Bd3 Kf2 88. Rxg2+ Nxg2 89. Bxf1 Kxf1 90. Kg3 Ne1 91. Kf4 Ke2 92. Ke4 Nd3 93. Kd4 Kd2 94. b3 Kc2 95. a4 bxa4 96. bxa4 Nb4 97. Kc5 Kb3 98. Kb5 Ka3 99. a5 Kb3 100. Kc5 Ka4 101. Kb6 Nd5+ 102. Kc6 Kxa5 1/2-1/2


[Site "https://www.chess.com"]

[Event "Titled Tuesday Blitz February 15 Early 2022"]
[White "Leve, Nitai"]
[Black "Eynullayev, Altay"]
[WhiteFideId "2006898"]
[BlackFideId "13413562"]
[WhiteElo "2144"]
[BlackElo "2079"]
[Result "0-1"]
[Round "10"]
[TimeControl "180+1"]
[Date "2022.02.15"]
[WhiteClock "0:00:10"]
[BlackClock "0:01:31"]

1. e4 c5 2. Nf3 e6 3. d4 cxd4 4. Nxd4 Nc6 5. Nc3 a6 6. Nxc6 bxc6 7. Bd3 d5 8. exd5 cxd5 9. O-O Nf6 10. Re1 Be7 11. Bg5 O-O 12. Qf3 h6 13. Bh4 Rb8 14. Rab1 Bb7 15. Qe2 a5 16. Bg3 Bd6 17. Bh4 Be7 18. Nb5 Ba6 19. a4 Nd7 20. Bg3 Rc8 21. Qd2 Nc5 22. Rbd1 Nxd3 23. Qxd3 Qb6 24. Qb3 Rc5 25. Nd4 Qxb3 26. Nxb3 Rxc2 27. Nxa5 Rxb2 28. Nc6 Bc5 29. Rc1 Bc4 30. Ne5 Bb4 31. Nxc4 dxc4 32. Re4 Rc8 33. h4 c3 34. Ree1 c2 35. Rf1 Bd2 0-1


[Site "https://www.chess.com"]

[Event "Titled Tuesday Blitz February 15 Early 2022"]
[White "Manukian, Artak"]
[Black "Harish, Neeraj"]
[WhiteFideId "13301373"]
[BlackFideId "30958130"]
[WhiteElo "2458"]
[BlackElo "1545"]
[Result "0-1"]
[Round "10"]
[TimeControl "180+1"]
[Date "2022.02.15"]
[WhiteClock "0:00:34"]
[BlackClock "0:01:10"]

1. e4 c5 2. Nf3 Nc6 3. c3 Nf6 4. e5 Nd5 5. d4 cxd4 6. cxd4 d6 7. Nc3 Nxc3 8. bxc3 dxe5 9. d5 e4 10. Ng5 Ne5 11. Nxe4 e6 12. c4 Bb4+ 13. Bd2 Bxd2+ 14. Qxd2 O-O 15. Be2 exd5 16. cxd5 Bf5 17. Ng3 Bc8 18. O-O b6 19. f4 Ng6 20. Bf3 Bb7 21. d6 Bxf3 22. Rxf3 Qd7 23. Rd1 Rfd8 24. f5 Ne5 25. Rc3 Rac8 26. Rxc8 Rxc8 27. Qd5 Nc4 28. Ne4 Ne3 29. Qd4 Nxd1 30. Qxd1 Qxf5 31. Ng3 Qc5+ 32. Kh1 Qc1 33. Qf1 Qxf1+ 34. Nxf1 Rd8 35. Kg1 Rxd6 36. Kf2 Kf8 37. Ke3 Ke7 38. Ng3 Rc6 39. Nf5+ Kf6 40. Nd4 Rc4 41. Kd3 Ra4 0-1


[Site "https://www.chess.com"]

[Event "Titled Tuesday Blitz February 15 Early 2022"]
[White "Martin, Lewis"]
[Black "Stromboli, Ettore"]
[WhiteFideId "410551"]
[BlackFideId "813761"]
[WhiteElo "2145"]
[BlackElo "2414"]
[Result "0-1"]
[Round "10"]
[TimeControl "180+1"]
[Date "2022.02.15"]
[WhiteClock "0:00:15"]
[BlackClock "0:00:04"]

1. e4 e6 2. d4 d5 3. Nd2 c5 4. exd5 exd5 5. Ngf3 Nc6 6. dxc5 Bxc5 7. Nb3 Bd6 8. Bd3 Nge7 9. O-O O-O 10. h3 Bf5 11. c3 Re8 12. Nbd4 Bg6 13. Bg5 Qd7 14. Re1 h6 15. Bh4 Bxd3 16. Qxd3 Ng6 17. Re3 Rxe3 18. Qxe3 Re8 19. Qd2 Bf4 20. Qd3 Nce5 21. Nxe5 Nxe5 22. Qf5 Qxf5 23. Nxf5 Nd3 24. Ne7+ Kf8 25. Nxd5 g5 26. Nxf4 Nxf4 27. Bg3 Re2 28. Bxf4 gxf4 29. Rb1 Ke7 30. Kf1 Rc2 31. f3 Kf6 32. a4 Kg5 33. b4 Kh4 34. Re1 Kg3 35. Re7 Rxg2 36. Rxf7 Rc2 37. Rxb7 Kxf3 38. Ke1 a6 39. b5 axb5 40. axb5 Rxc3 41. Rb6 Rb3 42. Rxh6 Rb1+ 43. Kd2 Rxb5 44. Rf6 Kg3 45. h4 Re5 46. h5 Rxh5 47. Ke2 Rh2+ 48. Kf1 Kf3 49. Kg1 Rg2+ 50. Kf1 Ra2 51. Kg1 Ra1+ 52. Kh2 Ke3 53. Kg2 Ra2+ 54. Kf1 Kf3 55. Kg1 Rg2+ 56. Kf1 Rd2 57. Kg1 Rd1+ 58. Kh2 Ra1 59. Rf7 Ra4 60. Rf6 Kf2 61. Rf7 f3 62. Kh3 Re4 63. Rf6 Re1 64. Kg4 Rg1+ 65. Kh3 Ke2 66. Re6+ Kf1 67. Rf6 f2 68. Kh2 Rg2+ 69. Kh1 Rg8 70. Kh2 Rg7 71. Rf5 Rh7+ 72. Kg3 Kg1 73. Rxf2 Rg7+ 74. Kf3 Rf7+ 75. Ke3 Rxf2 0-1


[Site "https://www.chess.com"]

[Event "Titled Tuesday Blitz February 15 Early 2022"]
[White "Martirosyan, Haik M."]
[Black "Urazayev, Arystanbek"]
[WhiteFideId "13306553"]
[BlackFideId "13709810"]
[WhiteElo "2735"]
[BlackElo "2321"]
[Result "1-0"]
[Round "10"]
[TimeControl "180+1"]
[Date "2022.02.15"]
[WhiteClock "0:00:33"]
[BlackClock "0:00:02"]

1. c4 e6 2. Nc3 d5 3. d4 h6 4. cxd5 exd5 5. Bf4 Nf6 6. e3 Bd6 7. Bg3 O-O 8. Bd3 Re8 9. Qc2 c6 10. Nf3 Bxg3 11. hxg3 a5 12. Ne5 Ng4 13. Nf3 Na6 14. a3 Nc7 15. Ne2 Qd6 16. Nf4 Bd7 17. Bh7+ Kf8 18. Bf5 Kg8 19. Bxg4 Bxg4 20. Ne5 Bd7 21. g4 Ne6 22. Nxe6 Qxe6 23. g5 hxg5 24. Qh7+ Kf8 25. O-O-O Ke7 26. Qxg7 Rg8 27. Qh7 Qf6 28. g4 Be6 29. f3 Kd6 30. Qc2 Kc7 31. Qc5 Rh8 32. Rxh8 Qxh8 33. Qe7+ Kb6 34. Rd3 a4 35. Qb4+ Kc7 36. Qe7+ Kb6 37. Kb1 Qh1+ 38. Ka2 Qf1 39. Rc3 Rh8 40. Nxc6 bxc6 41. Qc5+ Kb7 42. Qxc6+ Ka7 43. Qxa4+ Kb7 44. Qc6+ Ka7 45. Qc7+ Ka8 46. Rc5 1-0


[Site "https://www.chess.com"]